 Dungeon Crawl Stone Soup version 0.30-a0-948-g4fa250aae5 (webtiles) character file.

Game seed: 11343543112488053849

40 mandarbmax the Shield-Bearer (level 3, -1/20 HPs)
             Began as a Vine Stalker Fighter on Mar 26, 2023.
             Splashed by a jelly's acid (8 damage)
             ... on level 3 of the Dungeon.
             The game lasted 00:02:33 (1464 turns).

mandarbmax the Shield-Bearer (Vine Stalker Fighter) Turns: 1464, Time: 00:02:33

Health: -1/20      AC:  3    Str: 18    XL:     3   Next: 50%
Magic:  0/4        EV:  9    Int:  8    God:
Gold:   92         SH: 10    Dex: 15    Spells: 2/2 levels left

rFire   . . .      SeeInvis .    a - +0 rapier
rCold   . . .      Faith    .    c - +0 buckler
rNeg    . . .      Spirit   +    b - +0 scale mail
rPois   .          Reflect  +    (no helmet)
rElec   .          Rampage  .    h - +0 cloak
rCorr   .                        (no gloves)
Will    .....                    (no boots) Stlth
                                 e - amulet of reflection
HPRegen 0.23/turn                (no ring)
MPRegen 0.09/turn                (no ring)

@: corroded
A: fangs 2, magic shield, antimagic bite, no potion heal 2
a: no special abilities


You were on level 3 of the Dungeon.
You visited 1 branch of the dungeon, and saw 3 of its levels.

You collected 92 gold pieces.

Inventory:

Hand Weapons
 a - a +0 rapier (weapon)
Armour
 b - a +0 scale mail (worn)
 c - a +0 buckler (worn)
 h - a +0 cloak (worn)
Jewellery
 e - an amulet of reflection (around neck)
Scrolls
 f - 2 scrolls of teleportation {unknown}
 g - 3 scrolls of blinking {unknown}
 j - a scroll of enchant weapon {unknown}
 m - 3 scrolls of identify {unknown}
Potions
 d - a potion of might
 i - a potion of mutation {unknown}
 k - a potion of heal wounds {unknown}
 l - a potion of curing {unknown}


   Skills:
 - Level 3.0 Fighting
 + Level 2.4 Short Blades
 + Level 2.9 Armour
 - Level 3.0 Shields


You had 2 spell levels left.
You didn't know any spells.
Your spell library contained the following spells:

 Spells                   Type           Power      Damage    Failure   Level
 Gell's Gravitas          Tloc           0%         N/A       99%         3
 Teleport Other           Tloc           0%         N/A       99%         3
 Dispersal                Tloc           0%         N/A       100%        6


Dungeon Overview and Level Annotations

Branches:
Dungeon (3/15)

Altars:


Innate Abilities, Weirdness & Mutations

You have extremely sharp teeth.
When hurt, damage is shared between your health and your magic reserves.
Your bite disrupts and absorbs the magic of your enemies.
Potions cannot restore your health.


Message History

Found a stone staircase leading up.
A ball python and a kobold come into view.
The ball python hisses angrily.
The kobold shouts!
There are monsters nearby!
There are monsters nearby!
A kobold comes into view. It is wielding a +0 club.
A jelly comes into view.
Found a stone staircase leading up.
The kobold shouts!
The jelly quivers.
You closely miss the kobold. Your bite misses the kobold.
The kobold hits you but does no damage.
The jelly jiggles.
You barely miss the kobold. You block the kobold's attack.
You closely miss the kobold. You bite the kobold. You drain its power.
The kobold is moderately wounded.
The ball python closely misses you. You block the ball python's attack.
The kobold barely misses you. The ball python bites you.
The ball python grabs you. The ball python constricts you.
You hit the ball python.
The ball python is heavily wounded.
The kobold hits you with a +0 dagger. You block the ball python's attack.
The ball python constricts you. The kobold hits you but does no damage.
You hit the ball python.
You kill the ball python!
The kobold hits you but does no damage. The jelly hits you.
You are splashed with acid.
You hit the kobold but do no damage. You bite the kobold.
You kill the kobold!
You block the jelly's attack. The kobold hits you with a +0 club.
You hit the jelly. The acid corrodes you!
Your hands burn!
You bite the jelly. You drain its power.
You feel invigorated.
The jelly is moderately wounded.
The jelly hits you but does no damage. The kobold hits you with a +0 club.
You are too injured to fight recklessly!
You are too injured to fight recklessly!
You hit the jelly.
Your hands burn!
Your bite misses the jelly.
The jelly is heavily wounded.
The jelly hits you. The acid corrodes you!
You are splashed with acid!
You die...

#........ #<...
#.....<.. ###....
######........ .......
.............. .......
#.>..........
#......#####.#..........
..<.............[.†.....
......)##.........##.###
###..!J@..............#
......†K........^.....#
......!....#..........#
........#.##..#########
..............#
..............#
..........#.....
.......###..#### .......
..#


You could see a jelly and a kobold.

Vanquished Creatures
  A dart slug (D:1)
  3 ball pythons
  A giant cockroach (D:2)
  5 hobgoblins
  5 jackals
  A kobold (D:3)
  5 bats (D:1)
  2 frilled lizards
  6 goblins (D:1)
  3 rats
32 creatures vanquished.

Notes
Turn   | Place    | Note
-------+----------+-------------------------------------------
     0 | D:1      | mandarbmax the Vine Stalker Fighter began the quest for the
                  | Orb.
     0 | D:1      | Reached XP level 1. HP: 11/11 MP: 2/2
   299 | D:1      | Reached XP level 2. HP: 16/16 MP: 3/3
   624 | D:1      | Reached XP level 3. HP: 20/20 MP: 4/4
  1464 | D:3      | Splashed by a jelly's acid

Illustrated notes

Levels and vault maps discovered:
D:1:      pf_arrival_petrified_forest, layout_loops_corners
D:2:      layout_loops_ring
D:3:      cheibrodos_thug_alley, layout_rooms, nicolae_ru_the_path_less_chosen

Skill      XL: |  1  2 |
---------------+-------+-----
Short Blades   | 2 |  2.4
Shields        | 3 |  3.0
Fighting       | 3 |  3.0
Armour         | |  2.9

Action                     || total
---------------------------++-------
  Melee: Rapier            ||    88
         Bite              ||    20
 Armour: Scale mail        ||    37
  Dodge: Dodged            ||    26
  Block: Buckler           ||    37

Table legend: (Time is in decaauts)
 A = Elapsed time spent in this place.
 B = Non-inter-level travel time spent in this place.
 C = Inter-level travel time spent in this place.
 D = Time resting spent in this place.
 E = Time spent auto-exploring this place.
 F = Levels seen in this place.
 G = Mean time per level.
                   A        B        C        D        E       F      G
               +--------+--------+--------+--------+--------+-----+--------+
         Total |   1475 |   1449 |     26 |      0 |   1236 |   3 |  491.7 |
       Dungeon |   1475 |   1449 |     26 |      0 |   1236 |   3 |  491.7 |
               +--------+--------+--------+--------+--------+-----+--------+

Top non-repeatable levels by time:
     D:1: 911 daAuts
     D:2: 530 daAuts
     D:3: 33 daAuts
